San Jose Sharks vs Washington Capitals
Created - Wednesday, September 13, 2023 at 07:13
Goals
|
| San Jose Sharks |
0 |
1 |
0 |
0 |
0 |
1 |
| Washington Capitals |
1 |
0 |
0 |
0 |
2 |
2 |
|
Shots
|
| San Jose Sharks |
21 |
7 |
10 |
1 |
2 |
39 |
| Washington Capitals |
15 |
2 |
10 |
2 |
2 |
29 |
|
1st period
1. Washington Capitals , Nico Hischier 7 (Patrick Kane 10) at 1:55
Penalties :
No Penalty
2nd period
2. San Jose Sharks , Calle Rosen 1 (Adam Henrique 8, Ryan Hartman 7) at 8:17
Penalties :
Anthony Deangelo (SJS) for Slashing (Double Minor) at 0:09, Nikita Zadorov (SJS) for Roughing (Double Minor) at 8:48
3rd period
No Goal
Penalties :
Alex Ovechkin (WSH) for Roughing (Minor) at 5:56, Nikita Zadorov (SJS) for Checking from behind (Minor) at 14:21
Overtime #1
No Goal
Penalties :
No Penalty
Shootout
San Jose Sharks, Adam Henrique - Shot Misses the Net
Washington Capitals, Jason Robertson - Goal!
San Jose Sharks, William Karlsson - Shot Misses the Net
Washington Capitals, Drake Batherson - Goal!
Penalties :
No Penalty
Goalie Stats
Martin Jones (SJS), 28 saves from 29 shots - (0.966), OTL, 7-4-2, 65:00 minutes
Jake Oettinger (WSH), 38 saves from 39 shots - (0.974), W, 6-6-3, 65:00 minutes
Players Stats for San Jose Sharks
Player Name G A P +/- PIM S H SB GA TA FO MP PP MP PK MP
------------------------------------------------------------------------------------
Adam Henrique 0 1 1 1 0 4 0 0 0 0 11/20 20:25 1:13 3:40
Alex Iafallo 0 0 0 1 0 3 3 0 0 0 0/0 20:32 1:13 3:42
Andreas Athanasiou 0 0 0 0 0 6 0 1 1 1 0/0 13:47 0:00 0:00
Anthony Deangelo 0 0 0 0 4 1 3 1 0 0 0/0 19:32 0:46 2:20
Calle Rosen 1 0 1 1 0 3 0 3 0 0 0/0 19:20 0:00 4:04
Danton Heinen 0 0 0 0 0 1 1 0 0 0 0/0 10:49 0:00 2:08
Derek Forbort 0 0 0 -1 0 1 1 0 1 0 0/0 24:45 1:13 5:03
Jacob Middleton 0 0 0 1 0 1 3 5 0 1 0/0 21:22 0:00 4:15
Joel Edmundson 0 0 0 0 0 0 2 0 0 0 0/0 21:42 0:46 2:08
Michael Bunting 0 0 0 0 0 1 0 0 0 1 0/0 9:19 0:00 0:00
Mike Hoffman 0 0 0 0 0 2 1 0 0 0 3/7 10:43 0:00 2:00
Nicholas Paul 0 0 0 0 0 5 0 1 0 0 5/11 14:01 0:00 0:38
Nikita Zadorov 0 0 0 -1 6 1 0 1 0 0 0/0 23:09 1:13 1:54
Oliver Bjorkstrand 0 0 0 -1 0 4 0 0 1 0 0/0 13:49 0:46 0:14
Ryan Hartman 0 1 1 1 0 5 3 0 1 1 0/0 20:16 1:13 3:42
Ryan Strome 0 0 0 -1 0 0 0 0 0 0 2/3 13:27 0:46 0:00
Travis Boyd 0 0 0 0 0 0 1 0 0 0 0/0 13:09 0:00 0:00
William Karlsson 0 0 0 -1 0 1 2 0 2 0 6/10 19:53 0:46 4:00
Players Stats for Washington Capitals
Player Name G A P +/- PIM S H SB GA TA FO MP PP MP PK MP
------------------------------------------------------------------------------------
Alex Ovechkin 0 0 0 0 2 1 0 0 0 0 1/1 21:06 4:26 0:00
Brad Marchand 0 0 0 0 0 1 2 1 0 0 0/1 17:27 0:14 1:17
Brayden Point 0 0 0 0 0 2 3 0 1 1 12/26 21:02 4:26 0:03
Cody Glass 0 0 0 0 0 1 0 1 0 0 5/10 14:58 3:50 0:00
David Savard 0 0 0 0 0 1 3 3 0 1 0/0 20:02 0:41 1:25
Dominik Kubalik 0 0 0 0 0 3 2 2 0 0 0/0 13:10 1:38 0:20
Drake Batherson 0 0 0 0 0 1 2 0 0 0 0/0 11:59 3:55 0:00
Dylan DeMelo 0 0 0 0 0 0 3 3 0 3 0/0 24:40 4:44 0:34
Erik Cernak 0 0 0 0 0 0 0 0 0 0 0/0 23:58 4:15 0:34
Ian Cole 0 0 0 0 0 3 1 2 0 0 0/0 19:38 1:13 1:25
Isac Lundestrom 0 0 0 0 0 1 1 1 0 0 0/0 7:31 0:00 0:39
Jason Robertson 0 0 0 0 0 1 1 0 2 0 0/1 20:02 4:21 0:00
John Carlson 0 0 0 0 0 1 1 0 1 0 0/0 23:34 4:46 0:00
Jordan Kyrou 0 0 0 0 0 5 1 2 0 0 0/0 16:05 3:55 0:00
Nick Jensen 0 0 0 0 0 1 0 0 0 0 0/0 18:08 4:15 0:00
Nico Hischier 1 0 1 0 0 1 1 0 0 0 5/10 19:03 0:31 1:17
Owen Tippett 0 0 0 0 0 2 1 0 0 0 1/1 8:43 1:29 0:22
Patrick Kane 0 1 1 0 0 4 0 1 0 1 0/1 16:54 1:06 0:00
3 Stars
1 - Jake Oettinger (WSH)
2 - Martin Jones (SJS)
3 - Calle Rosen (SJS)
Power Play
San Jose Sharks - 0 on 1 Attempt(s) - 0.00%
Washington Capitals - 0 on 5 Attempt(s) - 0.00%
Penalty Kill
San Jose Sharks - 5 on 5 Attempt(s) - 100.00%
- Score 0 goal in Penalty Kill
Washington Capitals - 1 on 1 Attempt(s) - 100.00%
- Score 0 goal in Penalty Kill
Team Stat
San Jose Sharks - Hits : 20 - Faceoff Wins : 27 - Blocked Shots : 12 - Penalty Minutes : 10
Washington Capitals - Hits : 22 - Faceoff Wins : 24 - Blocked Shots : 16 - Penalty Minutes : 2
Official
Referees : Gord Dwyer and Jacob Brenk
Linesman : David Brisebois and Mark Shewchyk
Game Notes
No Game Note
Finance
Level 1 -- Attendance: 4928 (82.13%) -- Ticket Income $478,016
Level 2 -- Attendance: 4528 (90.56%) -- Ticket Income $258,096
Level 3 -- Attendance: 2881 (96.03%) -- Ticket Income $97,954
Level 4 -- Attendance: 4528 (90.56%) -- Ticket Income $104,144
Luxury Box -- Attendance: 759 (75.90%) -- Ticket Income $149,523
Game was played at the Verizon Center.
Total Attendance: 17624 (88.12%)
Total Ticket Income: $1,087,733
Other Income: $380,707
Total Income: $1,468,440
San Jose Sharks
5 vs 5 Forward
Center Left Wing Right Wing Time % Phy DF OF
1 Adam Henrique Alex Iafallo Ryan Hartman 30 1 2 2
2 William Karlsson Oliver Bjorkstrand Ryan Strome 30 1 2 2
3 Nicholas Paul Andreas Athanasiou Travis Boyd 25 1 2 2
4 Mike Hoffman Michael Bunting Danton Heinen 15 1 2 2
5 vs 5 Defense
Defense Defense Time % Phy DF OF
1 Derek Forbort Nikita Zadorov 35 1 2 2
2 Joel Edmundson Anthony Deangelo 35 1 2 2
3 Jacob Middleton Calle Rosen 30 1 2 2
4 Derek Forbort Joel Edmundson 0 1 2 2
PowerPlay Forward
Center Left Wing Right Wing Time % Phy DF OF
1 Adam Henrique Alex Iafallo Ryan Hartman 50 1 2 2
2 William Karlsson Oliver Bjorkstrand Ryan Strome 50 1 2 2
PowerPlay Defense
Defense Defense Time % Phy DF OF
1 Derek Forbort Nikita Zadorov 50 1 2 2
2 Joel Edmundson Anthony Deangelo 50 1 2 2
Penalty Kill 4 Players Forward
Center Wing Time % Phy DF OF
1 Adam Henrique William Karlsson 50 1 2 2
2 Alex Iafallo Ryan Hartman 50 1 2 2
Penalty Kill 4 Players Defense
Defense Defense Time % Phy DF OF
1 Derek Forbort Nikita Zadorov 50 1 2 2
2 Jacob Middleton Calle Rosen 50 1 2 2
Penalty Kill - 3 Players Forward
Forward Time % Phy DF OF
1 Adam Henrique 50 1 2 2
2 William Karlsson 50 1 2 2
Penalty Kill - 3 Players Defense
Defense Defense Time % Phy DF OF
1 Derek Forbort Jacob Middleton 50 1 2 2
2 Nikita Zadorov Anthony Deangelo 50 1 2 2
4 vs 4 Forward
Center Wing Time % Phy DF OF
1 Adam Henrique William Karlsson 50 1 2 2
2 Alex Iafallo Ryan Hartman 50 1 2 2
4 vs 4 Defense
Defense Defense Time % Phy DF OF
1 Nikita Zadorov Derek Forbort 50 1 2 2
2 Joel Edmundson Jacob Middleton 50 1 2 2
Last Minutes Offensive
Center Left Wing Right Wing Defense Defense
Adam Henrique Alex Iafallo Ryan Hartman Derek Forbort Nikita Zadorov
Last Minutes Defensive
Center Left Wing Right Wing Defense Defense
Adam Henrique Alex Iafallo Ryan Hartman Derek Forbort Nikita Zadorov
Goaltenders
Starting : Martin Jones
Backup : James Reimer
Extra Forwards
Normal : Michael Bunting, Andreas Athanasiou, Mike Hoffman - PP : Michael Bunting, Andreas Athanasiou - PK : Mike Hoffman
Extra Defensemen
Normal : Nikita Zadorov, Jacob Middleton, Derek Forbort - PP : Nikita Zadorov - PK : Jacob Middleton, Derek Forbort
Penalty Shots
Adam Henrique, William Karlsson, Alex Iafallo, Ryan Hartman, Ryan Strome
Washington Capitals
5 vs 5 Forward
Center Left Wing Right Wing Time % Phy DF OF
1 Brayden Point Alex Ovechkin Jason Robertson 40 1 2 2
2 Nico Hischier Brad Marchand Patrick Kane 30 1 2 2
3 Cody Glass Dominik Kubalik Jordan Kyrou 20 1 2 2
4 Isac Lundestrom Owen Tippett Drake Batherson 10 1 2 2
5 vs 5 Defense
Defense Defense Time % Phy DF OF
1 John Carlson David Savard 35 1 2 2
2 Erik Cernak Dylan DeMelo 35 1 2 2
3 Nick Jensen Ian Cole 30 1 2 2
4 John Carlson David Savard 0 1 2 2
PowerPlay Forward
Center Left Wing Right Wing Time % Phy DF OF
1 Brayden Point Alex Ovechkin Jason Robertson 60 1 2 2
2 Cody Glass Jordan Kyrou Drake Batherson 40 1 2 2
PowerPlay Defense
Defense Defense Time % Phy DF OF
1 John Carlson Dylan DeMelo 60 1 2 2
2 Nick Jensen Erik Cernak 40 1 2 2
Penalty Kill 4 Players Forward
Center Wing Time % Phy DF OF
1 Nico Hischier Brad Marchand 60 1 2 2
2 Isac Lundestrom Owen Tippett 40 1 2 2
Penalty Kill 4 Players Defense
Defense Defense Time % Phy DF OF
1 David Savard Ian Cole 60 1 2 2
2 Dylan DeMelo Erik Cernak 40 1 2 2
Penalty Kill - 3 Players Forward
Forward Time % Phy DF OF
1 Nico Hischier 60 1 2 2
2 Isac Lundestrom 40 1 2 2
Penalty Kill - 3 Players Defense
Defense Defense Time % Phy DF OF
1 David Savard Ian Cole 60 1 2 2
2 Dylan DeMelo Erik Cernak 40 1 2 2
4 vs 4 Forward
Center Wing Time % Phy DF OF
1 Brayden Point Alex Ovechkin 60 1 2 2
2 Nico Hischier Jason Robertson 40 1 2 2
4 vs 4 Defense
Defense Defense Time % Phy DF OF
1 John Carlson Dylan DeMelo 60 1 2 2
2 Erik Cernak Ian Cole 40 1 2 2
Last Minutes Offensive
Center Left Wing Right Wing Defense Defense
Brayden Point Alex Ovechkin Jason Robertson John Carlson Dylan DeMelo
Last Minutes Defensive
Center Left Wing Right Wing Defense Defense
Nico Hischier Brad Marchand Owen Tippett David Savard Ian Cole
Goaltenders
Starting : Jake Oettinger
Backup : Vitek Vanecek
Extra Forwards
Normal : Jordan Kyrou, Drake Batherson, Cody Glass - PP : Owen Tippett, Brayden Point - PK : Dominik Kubalik
Extra Defensemen
Normal : Dylan DeMelo, Nick Jensen, Ian Cole - PP : Dylan DeMelo - PK : Erik Cernak, David Savard
Penalty Shots
Jason Robertson, Drake Batherson, Cody Glass, Brayden Point, David Savard
% Time on Ice - San Jose Sharks
Lines # - Real PCT - Wanted PCT - Time Play
Normal Forward
1 - 27% - 30% - 13:02
2 - 27% - 30% - 13:12
3 - 27% - 25% - 13:09
4 - 18% - 15% - 8:41
Normal Defense
1 - 35% - 35% - 16:50
2 - 35% - 35% - 16:47
3 - 28% - 30% - 13:34
4 - 2% - 0% - 0:53
PP Forward
1 - 61% - 50% - 1:13
2 - 39% - 50% - 0:46
PP Defense
1 - 61% - 50% - 1:13
2 - 39% - 50% - 0:46
PK Forward
1 - 47% - 50% - 4:42
2 - 53% - 50% - 5:15
PK Defense
1 - 71% - 50% - 7:04
2 - 29% - 50% - 2:53
PK3 Forward
1 - 0% - 50%
2 - 0% - 50%
PK3 Defense
1 - 0% - 50%
2 - 0% - 50%
44 Forward
1 - 52% - 50% - 2:36
2 - 48% - 50% - 2:24
44 Defense
1 - 53% - 50% - 2:39
2 - 47% - 50% - 2:21
Last Minute Offensive - 0:00
Last Minute Defensive - 0:00
Total
Forward - 65:00
Defense - 65:00
|
% Time on Ice - Washington Capitals
Lines # - Real PCT - Wanted PCT - Time Play
Normal Forward
1 - 30% - 40% - 14:33
2 - 33% - 30% - 16:01
3 - 22% - 20% - 10:38
4 - 14% - 10% - 6:52
Normal Defense
1 - 35% - 35% - 16:51
2 - 36% - 35% - 17:05
3 - 28% - 30% - 13:34
4 - 1% - 0% - 0:34
PP Forward
1 - 58% - 60% - 5:49
2 - 42% - 40% - 4:08
PP Defense
1 - 56% - 60% - 5:36
2 - 44% - 40% - 4:21
PK Forward
1 - 82% - 60% - 1:37
2 - 18% - 40% - 0:22
PK Defense
1 - 71% - 60% - 1:25
2 - 29% - 40% - 0:34
PK3 Forward
1 - 0% - 60%
2 - 0% - 40%
PK3 Defense
1 - 0% - 60%
2 - 0% - 40%
44 Forward
1 - 74% - 60% - 3:41
2 - 26% - 40% - 1:19
44 Defense
1 - 59% - 60% - 2:56
2 - 41% - 40% - 2:04
Last Minute Offensive - 0:00
Last Minute Defensive - 0:00
Total
Forward - 65:00
Defense - 65:00
|
Play-by-Play
1st period
0:01 of 1st period - Adam Henrique wins face-off versus Brayden Point in neutral zone.
0:12 of 1st period - Wrist shot by Alex Iafallo.
0:12 of 1st period - Shot Misses the Net.
0:14 of 1st period - Wrist shot by Ryan Hartman.
0:14 of 1st period - Stopped by Jake Oettinger without a rebound.
0:15 of 1st period - Nico Hischier wins face-off versus Ryan Strome in Washington Capitals zone.
0:24 of 1st period - Wrist shot by Patrick Kane.
0:24 of 1st period - Stopped by Martin Jones with a rebound.
0:42 of 1st period - Cody Glass is hit by Joel Edmundson and loses puck.
1:37 of 1st period - Alex Iafallo is hit by Drake Batherson.
1:47 of 1st period - Snap shot by Oliver Bjorkstrand.
1:47 of 1st period - Stopped by Jake Oettinger without a rebound.
1:48 of 1st period - William Karlsson wins face-off versus Nico Hischier in Washington Capitals zone.
1:49 of 1st period - Wrist shot by Oliver Bjorkstrand.
1:49 of 1st period - Stopped by Jake Oettinger without a rebound.
1:50 of 1st period - Nico Hischier wins face-off versus William Karlsson in Washington Capitals zone.
1:55 of 1st period - Wrist shot by Nico Hischier.
1:55 of 1st period - Goal by Nico Hischier - San Jose Sharks : 0 - Washington Capitals : 1.
1:56 of 1st period - Brayden Point wins face-off versus William Karlsson in neutral zone.
2:05 of 1st period - Wrist shot by Jason Robertson.
2:05 of 1st period - Shot Blocked by Nikita Zadorov.
2:11 of 1st period - Snap shot by Oliver Bjorkstrand.
2:11 of 1st period - Stopped by Jake Oettinger with a rebound.
2:21 of 1st period - Wrist shot by Nicholas Paul.
2:21 of 1st period - Stopped by Jake Oettinger without a rebound.
2:22 of 1st period - Nicholas Paul wins face-off versus Nico Hischier in Washington Capitals zone.
2:27 of 1st period - Snap shot by Nicholas Paul.
2:27 of 1st period - Shot Blocked by Ian Cole.
2:59 of 1st period - Wrist shot by Jordan Kyrou.
2:59 of 1st period - Stopped by Martin Jones with a rebound.
3:23 of 1st period - Anthony Deangelo is hit by Brayden Point.
3:35 of 1st period - Snap shot by Drake Batherson.
3:35 of 1st period - Shot Misses the Net.
3:37 of 1st period - Wrist shot by John Carlson.
3:37 of 1st period - Deflect By Derek Forbort.
3:37 of 1st period - Stopped by Martin Jones with a rebound.
3:39 of 1st period - Snap shot by Drake Batherson.
3:39 of 1st period - Shot Misses the Net.
3:55 of 1st period - Snap shot by Adam Henrique.
3:55 of 1st period - Stopped by Jake Oettinger without a rebound.
3:56 of 1st period - Nico Hischier wins face-off versus Adam Henrique in Washington Capitals zone.
3:56 of 1st period - Nico Hischier is hit by Ryan Hartman.
4:04 of 1st period - Wrist shot by Adam Henrique.
4:04 of 1st period - Shot Misses the Net.
4:06 of 1st period - Wrist shot by Adam Henrique.
4:06 of 1st period - Stopped by Jake Oettinger with a rebound.
4:08 of 1st period - Slapshot by Adam Henrique.
4:08 of 1st period - Shot Misses the Net.
4:54 of 1st period - Backhand shot by Adam Henrique.
4:54 of 1st period - Shot Misses the Net.
4:58 of 1st period - Slapshot by Adam Henrique.
4:58 of 1st period - Stopped by Jake Oettinger with a rebound.
5:00 of 1st period - Slapshot by Calle Rosen.
5:00 of 1st period - Stopped by Jake Oettinger without a rebound.
5:01 of 1st period - William Karlsson wins face-off versus Brayden Point in Washington Capitals zone.
5:28 of 1st period - Calle Rosen is hit by Drake Batherson and loses puck.
5:39 of 1st period - Wrist shot by William Karlsson.
5:39 of 1st period - Shot Blocked by Isac Lundestrom.
5:41 of 1st period - Slapshot by Derek Forbort.
5:41 of 1st period - Stopped by Jake Oettinger without a rebound.
5:42 of 1st period - Brayden Point wins face-off versus Nicholas Paul in Washington Capitals zone.
6:00 of 1st period - Icing by Nikita Zadorov.
6:01 of 1st period - Cody Glass wins face-off versus Nicholas Paul in San Jose Sharks zone.
6:02 of 1st period - Wrist shot by Jordan Kyrou.
6:02 of 1st period - Stopped by Martin Jones with a rebound.
6:16 of 1st period - Wrist shot by Nicholas Paul.
6:16 of 1st period - Stopped by Jake Oettinger without a rebound.
6:17 of 1st period - Brayden Point wins face-off versus Mike Hoffman in Washington Capitals zone.
6:19 of 1st period - Icing by Jason Robertson.
6:20 of 1st period - Mike Hoffman wins face-off versus Brayden Point in Washington Capitals zone.
6:33 of 1st period - Snap shot by Alex Ovechkin.
6:33 of 1st period - Stopped by Martin Jones with a rebound.
6:49 of 1st period - Snap shot by Oliver Bjorkstrand.
6:49 of 1st period - Stopped by Jake Oettinger without a rebound.
6:50 of 1st period - Nicholas Paul wins face-off versus Cody Glass in Washington Capitals zone.
6:51 of 1st period - Backhand shot by Andreas Athanasiou.
6:51 of 1st period - Shot Misses the Net.
6:57 of 1st period - Snap shot by Nicholas Paul.
6:57 of 1st period - Stopped by Jake Oettinger with a rebound.
6:59 of 1st period - Snap shot by Nicholas Paul.
6:59 of 1st period - Shot Misses the Net.
7:01 of 1st period - Slapshot by Derek Forbort.
7:01 of 1st period - Shot Blocked by Cody Glass.
7:03 of 1st period - Slapshot by Andreas Athanasiou.
7:03 of 1st period - Stopped by Jake Oettinger without a rebound.
7:04 of 1st period - Ryan Strome wins face-off versus Brayden Point in Washington Capitals zone.
7:31 of 1st period - Adam Henrique is hit by Nico Hischier and loses puck.
7:50 of 1st period - Andreas Athanasiou is hit by Dominik Kubalik.
8:12 of 1st period - Snap shot by Drake Batherson.
8:12 of 1st period - Shot Misses the Net.
8:14 of 1st period - Slapshot by Nick Jensen.
8:14 of 1st period - Shot Blocked by Calle Rosen.
8:16 of 1st period - Slapshot by Nick Jensen.
8:16 of 1st period - Stopped by Martin Jones with a rebound.
8:49 of 1st period - Icing by William Karlsson.
8:50 of 1st period - William Karlsson wins face-off versus Patrick Kane in San Jose Sharks zone.
11:05 of 1st period - Snap shot by Mike Hoffman.
11:05 of 1st period - Stopped by Jake Oettinger without a rebound.
11:06 of 1st period - Brayden Point wins face-off versus Mike Hoffman in Washington Capitals zone.
11:06 of 1st period - Brayden Point is hit by Danton Heinen.
11:56 of 1st period - Snap shot by Jordan Kyrou.
11:56 of 1st period - Stopped by Martin Jones without a rebound.
11:57 of 1st period - Cody Glass wins face-off versus Nicholas Paul in San Jose Sharks zone.
11:58 of 1st period - Snap shot by Jordan Kyrou.
11:58 of 1st period - Shot Misses the Net.
12:04 of 1st period - Slapshot by Jordan Kyrou.
12:04 of 1st period - Stopped by Martin Jones without a rebound.
12:05 of 1st period - William Karlsson wins face-off versus Jason Robertson in San Jose Sharks zone.
12:18 of 1st period - Wrist shot by Jason Robertson.
12:18 of 1st period - Shot Blocked by Jacob Middleton.
12:20 of 1st period - Slapshot by Ian Cole.
12:20 of 1st period - Stopped by Martin Jones with a rebound.
12:22 of 1st period - Slapshot by Ian Cole.
12:22 of 1st period - Shot Blocked by Calle Rosen.
12:38 of 1st period - Slapshot by Dominik Kubalik.
12:38 of 1st period - Stopped by Martin Jones with a rebound.
12:40 of 1st period - Wrist shot by Dominik Kubalik.
12:40 of 1st period - Shot Blocked by Jacob Middleton.
12:56 of 1st period - Slapshot by John Carlson.
12:56 of 1st period - Shot Blocked by Calle Rosen.
13:29 of 1st period - Snap shot by William Karlsson.
13:29 of 1st period - Shot Misses the Net.
13:31 of 1st period - Backhand shot by Jacob Middleton.
13:31 of 1st period - Stopped by Jake Oettinger without a rebound.
13:32 of 1st period - Adam Henrique wins face-off versus Brayden Point in Washington Capitals zone.
13:33 of 1st period - Slapshot by Ryan Hartman.
13:33 of 1st period - Stopped by Jake Oettinger with a rebound.
14:58 of 1st period - Slapshot by Owen Tippett.
14:58 of 1st period - Stopped by Martin Jones with a rebound.
15:04 of 1st period - Wrist shot by Owen Tippett.
15:04 of 1st period - Shot Misses the Net.
15:34 of 1st period - Derek Forbort is hit by Jason Robertson and loses puck.
16:32 of 1st period - Joel Edmundson is hit by Brad Marchand and loses puck.
17:29 of 1st period - Ian Cole is hit by Jacob Middleton and loses puck.
18:34 of 1st period - Snap shot by Michael Bunting.
18:34 of 1st period - Shot Blocked by Dominik Kubalik.
18:36 of 1st period - Slapshot by Anthony Deangelo.
18:36 of 1st period - Stopped by Jake Oettinger without a rebound.
18:37 of 1st period - Adam Henrique wins face-off versus Brayden Point in Washington Capitals zone.
18:38 of 1st period - Snap shot by Alex Iafallo.
18:38 of 1st period - Stopped by Jake Oettinger without a rebound.
18:39 of 1st period - Adam Henrique wins face-off versus Brayden Point in Washington Capitals zone.
19:13 of 1st period - Wrist shot by Andreas Athanasiou.
19:13 of 1st period - Shot Blocked by Patrick Kane.
19:15 of 1st period - Wrist shot by Nicholas Paul.
19:15 of 1st period - Stopped by Jake Oettinger with a rebound.
19:17 of 1st period - Slapshot by Nikita Zadorov.
19:17 of 1st period - Stopped by Jake Oettinger with a rebound.
19:35 of 1st period - Snap shot by Drake Batherson.
19:35 of 1st period - Shot Misses the Net.
19:39 of 1st period - Snap shot by Drake Batherson.
19:39 of 1st period - Shot Misses the Net.
19:41 of 1st period - Slapshot by Isac Lundestrom.
19:41 of 1st period - Stopped by Martin Jones without a rebound.
19:42 of 1st period - Brayden Point wins face-off versus Adam Henrique in San Jose Sharks zone.
19:51 of 1st period - Snap shot by Jason Robertson.
19:51 of 1st period - Stopped by Martin Jones with a rebound.
19:53 of 1st period - Wrist shot by Jason Robertson.
19:53 of 1st period - Shot Misses the Net.
19:55 of 1st period - Backhand shot by Erik Cernak.
19:55 of 1st period - Shot Misses the Net.
19:57 of 1st period - Wrist shot by Jason Robertson.
19:57 of 1st period - Deflect By Brayden Point.
19:57 of 1st period - Stopped by Martin Jones with a rebound.
Goals for this period are 0 for San Jose Sharks vs 1 for Washington Capitals.
Shots for this period are 21 for San Jose Sharks vs 15 for Washington Capitals.
2nd period
0:01 of 2nd period - Brayden Point wins face-off versus Nicholas Paul in neutral zone.
0:09 of 2nd period - Double Minor Penalty to Anthony Deangelo for Slashing.
0:10 of 2nd period - Adam Henrique wins face-off versus Brayden Point in San Jose Sharks zone.
0:42 of 2nd period - Ryan Hartman is hit by Dylan DeMelo.
2:08 of 2nd period - Cody Glass is hit by Jacob Middleton and loses puck.
4:09 of 2nd period - Penalty to Anthony Deangelo is over, Anthony Deangelo is back on ice.
4:40 of 2nd period - Calle Rosen is hit by Isac Lundestrom and loses puck.
4:45 of 2nd period - Slapshot by Owen Tippett.
4:45 of 2nd period - Stopped by Martin Jones without a rebound.
4:46 of 2nd period - Brayden Point wins face-off versus Nicholas Paul in San Jose Sharks zone.
5:33 of 2nd period - Snap shot by Ryan Hartman.
5:33 of 2nd period - Shot Blocked by Ian Cole.
5:55 of 2nd period - Wrist shot by Jason Robertson.
5:55 of 2nd period - Shot Misses the Net.
6:11 of 2nd period - Slapshot by Andreas Athanasiou.
6:11 of 2nd period - Stopped by Jake Oettinger with a rebound.
6:13 of 2nd period - Slapshot by Joel Edmundson.
6:13 of 2nd period - Shot Misses the Net.
6:15 of 2nd period - Snap shot by Nicholas Paul.
6:15 of 2nd period - Shot Blocked by David Savard.
6:17 of 2nd period - Snap shot by Andreas Athanasiou.
6:17 of 2nd period - Shot Misses the Net.
6:19 of 2nd period - Slapshot by Nicholas Paul.
6:19 of 2nd period - Stopped by Jake Oettinger without a rebound.
6:20 of 2nd period - Adam Henrique wins face-off versus Nico Hischier in Washington Capitals zone.
6:25 of 2nd period - Slapshot by Ryan Hartman.
6:25 of 2nd period - Stopped by Jake Oettinger with a rebound.
6:27 of 2nd period - Slapshot by Adam Henrique.
6:27 of 2nd period - Stopped by Jake Oettinger with a rebound.
6:29 of 2nd period - Snap shot by Alex Iafallo.
6:29 of 2nd period - Stopped by Jake Oettinger without a rebound.
6:30 of 2nd period - Nico Hischier wins face-off versus Adam Henrique in Washington Capitals zone.
7:21 of 2nd period - Snap shot by Patrick Kane.
7:21 of 2nd period - Stopped by Martin Jones with a rebound.
7:47 of 2nd period - Wrist shot by Alex Iafallo.
7:47 of 2nd period - Shot Blocked by David Savard.
8:15 of 2nd period - Snap shot by Adam Henrique.
8:15 of 2nd period - Shot Blocked by David Savard.
8:17 of 2nd period - Slapshot by Calle Rosen.
8:17 of 2nd period - Goal by Calle Rosen - San Jose Sharks : 1 - Washington Capitals : 1.
8:18 of 2nd period - Alex Ovechkin wins face-off versus William Karlsson in neutral zone.
8:48 of 2nd period - Double Minor Penalty to Nikita Zadorov for Roughing.
8:49 of 2nd period - Brayden Point wins face-off versus Mike Hoffman in San Jose Sharks zone.
10:15 of 2nd period - Alex Ovechkin is hit by Mike Hoffman and loses puck.
11:36 of 2nd period - Dominik Kubalik is hit by William Karlsson and loses puck.
12:11 of 2nd period - Mike Hoffman is hit by David Savard.
12:47 of 2nd period - Alex Iafallo is hit by Jordan Kyrou and loses puck.
12:48 of 2nd period - Penalty to Nikita Zadorov is over, Nikita Zadorov is back on ice.
15:19 of 2nd period - Danton Heinen is hit by Owen Tippett.
15:52 of 2nd period - Jordan Kyrou is hit by Anthony Deangelo and loses puck.
17:12 of 2nd period - Alex Ovechkin is hit by Travis Boyd and loses puck.
17:25 of 2nd period - Ryan Strome is hit by Ian Cole and loses puck.
17:46 of 2nd period - Michael Bunting is hit by David Savard and loses puck.
18:23 of 2nd period - Drake Batherson is hit by Ryan Hartman and loses puck.
18:41 of 2nd period - Travis Boyd is hit by Dylan DeMelo.
19:15 of 2nd period - Brad Marchand is hit by Joel Edmundson and loses puck.
19:36 of 2nd period - Snap shot by Andreas Athanasiou.
19:36 of 2nd period - Shot Misses the Net.
19:38 of 2nd period - Slapshot by Travis Boyd.
19:38 of 2nd period - Shot Misses the Net.
19:42 of 2nd period - Snap shot by Andreas Athanasiou.
19:42 of 2nd period - Stopped by Jake Oettinger without a rebound.
19:43 of 2nd period - Ryan Strome wins face-off versus Brayden Point in Washington Capitals zone.
Goals for this period are 1 for San Jose Sharks vs 0 for Washington Capitals.
Shots for this period are 7 for San Jose Sharks vs 2 for Washington Capitals.
3rd period
0:01 of 3rd period - Brayden Point wins face-off versus Adam Henrique in neutral zone.
0:46 of 3rd period - Snap shot by Dominik Kubalik.
0:46 of 3rd period - Deflect By Cody Glass.
0:46 of 3rd period - Shot Blocked by Nicholas Paul.
0:46 of 3rd period - Puck is out of play.
0:47 of 3rd period - Cody Glass wins face-off versus Nicholas Paul in San Jose Sharks zone.
0:52 of 3rd period - Snap shot by Jordan Kyrou.
0:52 of 3rd period - Shot Blocked by Anthony Deangelo.
0:54 of 3rd period - Wrist shot by Dominik Kubalik.
0:54 of 3rd period - Stopped by Martin Jones with a rebound.
1:22 of 3rd period - Off-side.
1:23 of 3rd period - Adam Henrique wins face-off versus Brayden Point in neutral zone.
1:29 of 3rd period - Off-side.
1:30 of 3rd period - Adam Henrique wins face-off versus Brayden Point in neutral zone.
1:35 of 3rd period - Snap shot by Ryan Hartman.
1:35 of 3rd period - Shot Blocked by Dylan DeMelo.
1:37 of 3rd period - Slapshot by Jacob Middleton.
1:37 of 3rd period - Shot Misses the Net.
2:15 of 3rd period - Wrist shot by Mike Hoffman.
2:15 of 3rd period - Shot Blocked by Jordan Kyrou.
2:17 of 3rd period - Snap shot by Anthony Deangelo.
2:17 of 3rd period - Shot Blocked by Dominik Kubalik.
2:19 of 3rd period - Snap shot by Danton Heinen.
2:19 of 3rd period - Stopped by Jake Oettinger with a rebound.
2:21 of 3rd period - Slapshot by Mike Hoffman.
2:21 of 3rd period - Stopped by Jake Oettinger with a rebound.
2:27 of 3rd period - Snap shot by Michael Bunting.
2:27 of 3rd period - Stopped by Jake Oettinger without a rebound.
2:28 of 3rd period - William Karlsson wins face-off versus Brayden Point in Washington Capitals zone.
3:35 of 3rd period - David Savard is hit by William Karlsson and loses puck.
4:16 of 3rd period - Nico Hischier is hit by Ryan Hartman.
4:22 of 3rd period - Snap shot by Patrick Kane.
4:22 of 3rd period - Stopped by Martin Jones with a rebound.
4:38 of 3rd period - Slapshot by Andreas Athanasiou.
4:38 of 3rd period - Stopped by Jake Oettinger without a rebound.
4:39 of 3rd period - Nicholas Paul wins face-off versus Cody Glass in Washington Capitals zone.
4:40 of 3rd period - Wrist shot by Andreas Athanasiou.
4:40 of 3rd period - Shot Misses the Net.
4:42 of 3rd period - Snap shot by Andreas Athanasiou.
4:42 of 3rd period - Stopped by Jake Oettinger without a rebound.
4:43 of 3rd period - William Karlsson wins face-off versus Brayden Point in Washington Capitals zone.
5:31 of 3rd period - Snap shot by Andreas Athanasiou.
5:31 of 3rd period - Stopped by Jake Oettinger without a rebound.
5:32 of 3rd period - Nicholas Paul wins face-off versus Cody Glass in Washington Capitals zone.
5:56 of 3rd period - Minor Penalty to Alex Ovechkin for Roughing.
5:57 of 3rd period - Nico Hischier wins face-off versus Adam Henrique in Washington Capitals zone.
6:05 of 3rd period - Wrist shot by Ryan Hartman.
6:05 of 3rd period - Stopped by Jake Oettinger without a rebound.
6:06 of 3rd period - Adam Henrique wins face-off versus Nico Hischier in Washington Capitals zone.
6:55 of 3rd period - Wrist shot by Ryan Hartman.
6:55 of 3rd period - Stopped by Jake Oettinger without a rebound.
6:56 of 3rd period - Owen Tippett wins face-off versus William Karlsson in Washington Capitals zone.
7:56 of 3rd period - Penalty to Alex Ovechkin is over, Alex Ovechkin is back on ice.
8:11 of 3rd period - Anthony Deangelo is hit by David Savard and loses puck.
8:16 of 3rd period - Slapshot by Brayden Point.
8:16 of 3rd period - Shot Misses the Net.
8:18 of 3rd period - Snap shot by Nick Jensen.
8:18 of 3rd period - Shot Blocked by Andreas Athanasiou.
8:33 of 3rd period - Slapshot by Calle Rosen.
8:33 of 3rd period - Stopped by Jake Oettinger with a rebound.
10:32 of 3rd period - Snap shot by Ryan Strome.
10:32 of 3rd period - Shot Blocked by Brad Marchand.
10:34 of 3rd period - Slapshot by Joel Edmundson.
10:34 of 3rd period - Shot Misses the Net.
10:36 of 3rd period - Snap shot by William Karlsson.
10:36 of 3rd period - Stopped by Jake Oettinger without a rebound.
10:37 of 3rd period - Adam Henrique wins face-off versus Nico Hischier in Washington Capitals zone.
11:03 of 3rd period - Nico Hischier is hit by Derek Forbort and loses puck.
11:16 of 3rd period - Snap shot by Mike Hoffman.
11:16 of 3rd period - Shot Misses the Net.
12:17 of 3rd period - William Karlsson is hit by Dylan DeMelo and loses puck.
12:24 of 3rd period - Snap shot by Brayden Point.
12:24 of 3rd period - Shot Misses the Net.
12:26 of 3rd period - Wrist shot by Brayden Point.
12:26 of 3rd period - Stopped by Martin Jones without a rebound.
12:27 of 3rd period - Cody Glass wins face-off versus Adam Henrique in San Jose Sharks zone.
12:32 of 3rd period - Snap shot by Dominik Kubalik.
12:32 of 3rd period - Shot Misses the Net.
12:34 of 3rd period - Slapshot by David Savard.
12:34 of 3rd period - Stopped by Martin Jones with a rebound.
12:42 of 3rd period - Wrist shot by Cody Glass.
12:42 of 3rd period - Stopped by Martin Jones with a rebound.
13:57 of 3rd period - Adam Henrique is hit by Brad Marchand and loses puck.
14:21 of 3rd period - Minor Penalty to Nikita Zadorov for Checking from behind.
14:22 of 3rd period - Adam Henrique wins face-off versus Brayden Point in San Jose Sharks zone.
14:24 of 3rd period - Snap shot by Jason Robertson.
14:24 of 3rd period - Shot Blocked by Jacob Middleton.
14:54 of 3rd period - Wrist shot by Drake Batherson.
14:54 of 3rd period - Shot Misses the Net.
16:12 of 3rd period - Brayden Point is hit by Anthony Deangelo and loses puck.
16:21 of 3rd period - Penalty to Nikita Zadorov is over, Nikita Zadorov is back on ice.
16:37 of 3rd period - Wrist shot by Patrick Kane.
16:37 of 3rd period - Deflect By Brad Marchand.
16:37 of 3rd period - Shot Misses the Net.
16:37 of 3rd period - Puck is out of play.
16:38 of 3rd period - Nicholas Paul wins face-off versus Brad Marchand in San Jose Sharks zone.
16:43 of 3rd period - Nico Hischier is hit by Anthony Deangelo and loses puck.
17:20 of 3rd period - Slapshot by Brad Marchand.
17:20 of 3rd period - Stopped by Martin Jones with a rebound.
17:34 of 3rd period - Wrist shot by Patrick Kane.
17:34 of 3rd period - Shot Misses the Net.
17:36 of 3rd period - Slapshot by Ian Cole.
17:36 of 3rd period - Stopped by Martin Jones with a rebound.
17:38 of 3rd period - Wrist shot by Patrick Kane.
17:38 of 3rd period - Stopped by Martin Jones without a rebound.
17:39 of 3rd period - Cody Glass wins face-off versus Mike Hoffman in San Jose Sharks zone.
17:40 of 3rd period - Wrist shot by Dominik Kubalik.
17:40 of 3rd period - Shot Blocked by Jacob Middleton.
17:42 of 3rd period - Backhand shot by Cody Glass.
17:42 of 3rd period - Deflect By Jordan Kyrou.
17:42 of 3rd period - Shot Blocked by Jacob Middleton.
17:42 of 3rd period - Puck is out of play.
17:43 of 3rd period - Mike Hoffman wins face-off versus Cody Glass in San Jose Sharks zone.
17:43 of 3rd period - Mike Hoffman is hit by Dominik Kubalik.
17:51 of 3rd period - Wrist shot by Jordan Kyrou.
17:51 of 3rd period - Stopped by Martin Jones without a rebound.
17:52 of 3rd period - Mike Hoffman wins face-off versus Cody Glass in San Jose Sharks zone.
17:57 of 3rd period - Snap shot by Jordan Kyrou.
17:57 of 3rd period - Shot Misses the Net.
17:59 of 3rd period - Snap shot by Cody Glass.
17:59 of 3rd period - Shot Misses the Net.
18:01 of 3rd period - Slapshot by Ian Cole.
18:01 of 3rd period - Stopped by Martin Jones with a rebound.
18:03 of 3rd period - Snap shot by Nick Jensen.
18:03 of 3rd period - Shot Misses the Net.
18:07 of 3rd period - Snap shot by Dominik Kubalik.
18:07 of 3rd period - Shot Misses the Net.
19:46 of 3rd period - William Karlsson is hit by Brayden Point and loses puck.
Goals for this period are 0 for San Jose Sharks vs 0 for Washington Capitals.
Shots for this period are 10 for San Jose Sharks vs 10 for Washington Capitals.
Overtime #1
0:01 of 1st overtime period - Brayden Point wins face-off versus Adam Henrique in neutral zone.
0:09 of 1st overtime period - Snap shot by Adam Henrique.
0:09 of 1st overtime period - Shot Blocked by Dylan DeMelo.
1:13 of 1st overtime period - Adam Henrique is hit by Brayden Point and loses puck.
1:30 of 1st overtime period - Nikita Zadorov is hit by John Carlson.
1:54 of 1st overtime period - Wrist shot by Dominik Kubalik.
1:54 of 1st overtime period - Stopped by Martin Jones without a rebound.
1:55 of 1st overtime period - Brayden Point wins face-off versus Adam Henrique in San Jose Sharks zone.
3:20 of 1st overtime period - Snap shot by Drake Batherson.
3:20 of 1st overtime period - Stopped by Martin Jones with a rebound.
3:34 of 1st overtime period - Drake Batherson is hit by Alex Iafallo.
3:38 of 1st overtime period - Ian Cole is hit by Alex Iafallo and loses puck.
3:45 of 1st overtime period - Drake Batherson is hit by Alex Iafallo and loses puck.
3:54 of 1st overtime period - Snap shot by Ryan Hartman.
3:54 of 1st overtime period - Shot Blocked by Jordan Kyrou.
3:56 of 1st overtime period - Slapshot by Alex Iafallo.
3:56 of 1st overtime period - Shot Blocked by Dylan DeMelo.
3:58 of 1st overtime period - Snap shot by Alex Iafallo.
3:58 of 1st overtime period - Stopped by Jake Oettinger without a rebound.
3:59 of 1st overtime period - Brayden Point wins face-off versus Adam Henrique in Washington Capitals zone.
4:37 of 1st overtime period - Dylan DeMelo is hit by Jacob Middleton and loses puck.
Goals for this period are 0 for San Jose Sharks vs 0 for Washington Capitals.
Shots for this period are 1 for San Jose Sharks vs 2 for Washington Capitals.
ShootOut
5:00 of 1st overtime period - Round #1.
5:00 of 1st overtime period - San Jose Sharks, Adam Henrique.
5:00 of 1st overtime period - Backhand shot by Adam Henrique.
5:00 of 1st overtime period - Shot Misses the Net.
5:00 of 1st overtime period - Washington Capitals, Jason Robertson.
5:00 of 1st overtime period - Deke by Jason Robertson.
5:00 of 1st overtime period - Goal by Jason Robertson.
5:00 of 1st overtime period - Round #2.
5:00 of 1st overtime period - San Jose Sharks, William Karlsson.
5:00 of 1st overtime period - Wrist shot by William Karlsson.
5:00 of 1st overtime period - Shot Misses the Net.
5:00 of 1st overtime period - Washington Capitals, Drake Batherson.
5:00 of 1st overtime period - Deke by Drake Batherson.
5:00 of 1st overtime period - Goal by Drake Batherson.
5:00 of 1st overtime period - Round #3.
Back to the Top